 Dungeon Crawl Stone Soup version 0.21-a0-216-g6d3fd91 (webtiles) character file.

127 suicidejoker the Sneak (level 4, 0/21 HPs)
             Began as a Spriggan Enchanter on Aug 23, 2017.
             Succumbed to Crazy Yiuf's poison
             ... on level 2 of the Dungeon.
             The game lasted 00:05:26 (2273 turns).

suicidejoker the Sneak (Spriggan Enchanter)         Turns: 2273, Time: 00:05:27

Health: 0/21       AC:  3    Str:  5    XL:     4   Next: 85%
Magic:  3/10       EV: 18    Int: 16    God:
Gold:   94         SH:  0    Dex: 16    Spells: 7/10 levels left

rFire    . . .     SeeInvis +   a - +1 dagger
rCold    . . .     Gourm    .   (shield restricted)
rNeg     . . .     Faith    .   b - +0 robe
rPois    .         Spirit   .   h - +1 hat
rElec    .         Reflect  .   (no cloak)
rCorr    .         Harm     .   (gloves unavailable)
MR       .....                  (boots unavailable)
Stlth    +++.......             (no amulet)
HPRegen  0.07/turn              (no ring)
MPRegen  0.12/turn              (no ring)

@: lethally poisoned (0 -> -6), very quick
A: unfitting armour, see invisible, herbivore 3, speed 3, slow metabolism 2
a: no special abilities


You were on level 2 of the Dungeon.
You were hungry.

You visited 1 branch of the dungeon, and saw 2 of its levels.

You collected 94 gold pieces.

Inventory:

Hand Weapons
 a - a +1 dagger (weapon)
 e - a cursed -3 mace
Armour
 b - a +0 robe (worn)
 h - a +1 hat (worn)
Scrolls
 f - 3 scrolls of identify {unknown}
 g - a scroll of remove curse
 j - a scroll of magic mapping
 l - a scroll of blinking {unknown}
Potions
 i - a potion of heal wounds {unknown}
 k - 2 potions of curing
 m - a potion of mutation {unknown}
Books
 c - a book of Maledictions

   Spells                             Type                      Level
   a - Corona                         Hexes                        1
   b - Ensorcelled Hibernation        Hexes/Ice                    2
   c - Confuse                        Hexes                        3
   d - Tukima's Dance                 Hexes                        3
   e - Dazzling Spray                 Conjuration/Hexes            3
Comestibles
 d - a bread ration


   Skills:
 + Level 0.2 Fighting
 + Level 2.1 Short Blades
 + Level 3.3 Dodging
 + Level 6.0 Stealth
 + Level 3.5 Spellcasting
 + Level 4.5 Hexes
 + Level 0.5 Ice Magic


You had 7 spell levels left.
You knew the following spells:

 Your Spells              Type           Power        Failure   Level  Hunger
a - Corona                Hex            ###....      2%          1    None
b - Ensorcelled Hibernat  Hex/Ice        ##....       10%         2    ##.....


Dungeon Overview and Level Annotations

Branches:
Dungeon (2/15)

Altars:
Ashenzari
Okawaru
Qazlal


Innate Abilities, Weirdness & Mutations

You are very small and have problems with some larger weapons.
You are too small for most types of armour.
You have supernaturally acute eyesight. (SInv)
You are a herbivore.
You cover ground extremely quickly.
You need consume almost no food.


Message History

You feel sick.
Casting: Ensorcelled Hibernation
Confirm with . or Enter, or press ? or * to list all spells.
Aiming: Ensorcelled Hibernation
Press: ? - help, Shift-Dir - straight line, p - Crazy Yiuf Crazy Yiuf resists with some effort.
You are feeling hungry.
* * * LOW HITPOINT WARNING * * *
You feel sick. Crazy Yiuf misses you.
Casting: Ensorcelled Hibernation
Confirm with . or Enter, or press ? or * to list all spells.
Aiming: Ensorcelled Hibernation
Press: ? - help, Shift-Dir - straight line, f - Crazy Yiuf
Aim: Crazy Yiuf, wielding a quarterstaff of chaos and wearing a cloak (chance to defeat MR: 50%) Crazy Yiuf looks drowsy...
The helpless Crazy Yiuf fails to defend himself.
You impale Crazy Yiuf!!
You kill Crazy Yiuf!
Your Stealth skill increases to level 6!
You die...

############# ##.....#.....##
##.............#
####............####
..............)##..## ######
#
####...).......#@...####....#
# #..........##)⌠._##(.....#
# #..........#.....#.......#
# #..........#....##..######
#
#####.........'..)8#...######
#
.%####........#....##...%...#
#
...########.###.....#.......#
#...##...##.# ##.⌠._#.......#
#..##.....### #....#.......#


There were no monsters in sight!

Vanquished Creatures
  Crazy Yiuf (D:2)
  Terence (D:2)
  2 adders (D:2)
  A gnoll (D:1)
  A worm (D:1)
  2 dart slugs
  A leopard gecko (D:1)
  5 bats (D:1)
  2 giant cockroaches
  5 goblins
  4 hobgoblins
  4 jackals
  3 kobolds
  A quokka (D:2)
  A ball python (D:2)
  2 frilled lizards (D:1)
  5 rats
41 creatures vanquished.

Notes
Turn   | Place    | Note
-------+----------+-------------------------------------------
     0 | D:1      | suicidejoker the Spriggan Enchanter began the quest for the Orb.
     0 | D:1      | Reached XP level 1. HP: 9/9 MP: 5/5
    70 | D:1      | Reached XP level 2. HP: 3/13 MP: 7/7
   783 | D:1      | Reached skill level 5 in Stealth
   960 | D:1      | Reached XP level 3. HP: 16/16 MP: 8/8
  1164 | D:1      | Learned a level 2 spell: Ensorcelled Hibernation
  1692 | D:2      | Reached XP level 4. HP: 21/21 MP: 0/9
  1823 | D:2      | Found a runed door.
  2008 | D:2      | Found a shattered altar of Ashenzari.
  2008 | D:2      | Noticed Terence
  2009 | D:2      | Found a stormy altar of Qazlal.
  2012 | D:2      | Killed Terence
  2056 | D:2      | Found an iron altar of Okawaru.
  2171 | D:2      | Noticed Crazy Yiuf
  2271 | D:2      | HP: 1/21 [poisoned by Crazy Yiuf]
  2273 | D:2      | Killed Crazy Yiuf
  2273 | D:2      | Reached skill level 6 in Stealth
  2273 | D:2      | Succumbed to Crazy Yiuf's poison

Vault maps used:
D:1:      onia_arrival_pentagram, minivault_27, minmay_tetromino_l2
D:2:      lemuel_round_altar, gammafunk_temple_overflow_pools, uniq_terence,
          uniq_crazy_yiuf_cottage

Skill      XL: |  1  2  3  4 |
---------------+-------------+-----
Spellcasting   | 3 |  3.5
Hexes          | 4 |  4.5
Stealth        | 5 6 |  6.0
Short Blades   | 2 |  2.1
Fighting       | |  0.2
Dodging        | |  3.3
Ice Magic      | |  0.5

Action                   |  1- 3 |  4- 6 || total
-------------------------+-------+-------++-------
Melee: Dagger            |   135 |    22 ||   157
 Cast: Ensorcelled Hiber |    17 |     8 ||    25
  Use: Scroll            |     2 |       ||     2
       Potion            |     2 |       ||     2
 Stab: Sleeping          |    14 |     6 ||    20
Armor: Robe              |    19 |     4 ||    23
Dodge: Dodged            |   128 |    17 ||   145

Table legend:
 A = Spawn XP
 B = Non-spawn XP
 C = Spawn XP percentage of total XP
 D = Spawn monster count
 E = Non-spawn monster count
 F = Spawn count percentage of total count
 G = Total turns spent on level
                    A         B        C        D         E        F      G
               +---------+---------+-------+---------+---------+-------+---------
         Total |      14 |     168 |   7.7 |       6 |      35 |  14.6 |  2273
               +---------+---------+-------+---------+---------+-------+---------
           D:1 |      12 |      41 |  22.6 |       5 |      18 |  21.7 |  1372
           D:2 |       2 |     127 |   1.6 |       1 |      17 |   5.6 |   901
               +---------+---------+-------+---------+---------+-------+---------
